 Dungeon Crawl Stone Soup version 0.17-b1-25-g6d8775f (webtiles) character file.

128719 septik the Spry (level 16, -1/208 HPs)
             Began as a Minotaur Gladiator on Nov 4, 2015.
             Was a High Priest of Okawaru.
             Shot with a steel bolt by a naga sharpshooter (22 damage)
             ... on level 2 of the Snake Pit on Nov 5, 2015.
             The game lasted 02:08:26 (30178 turns).

septik the Spry (Minotaur Gladiator)               Turns: 30178, Time: 02:08:27

Health: -1/208     AC: 28    Str: 20    XL:     16   Next: 49%
Magic:  1/13       EV:  2    Int:  9    God:    Okawaru [*****.]
Gold:   601        SH:  0    Dex: 18    Spells: 1 memorised, 11 levels left

rFire  + + .     SeeInvis .     t - +8 quarterstaff of Ereaso {venom, rElec rF++ MP-9 Int+4}
rCold  . . .     Clarity  .     (armour currently unavailable)
rNeg   + + +     SustAt   .     (shield currently unavailable)
rPois  .         Gourm    .     (helmet currently unavailable)
rElec  +         Spirit   .     (cloak currently unavailable)
rCorr  .         Warding  .     (gloves currently unavailable)
rMut   .         NoTele   +     (boots currently unavailable)
MR     +....                    X - amulet of regeneration
Stlth  ++++++++++               I - ring of stealth
                                a - ring of stealth

@: tree-form, heroism, poison vulnerable, very slightly contaminated, hasted,
very quick, somewhat resistant to hostile enchantments, uncannily stealthy
A: (retaliatory headbutt), (horns 0), (slimy green scales 0)
a: Heroism, Finesse, Renounce Religion


You were on level 2 of the Snake Pit.
You worshipped Okawaru.
Okawaru was extremely pleased with you.
You were hungry.
You were a tree.
You visited 4 branches of the dungeon, and saw 29 of its levels.
You also visited: Sewer and Ice Cave.

You collected 2895 gold pieces.
You spent 2294 gold pieces at shops.

Inventory:

Hand Weapons
 c - the +4 battleaxe "Zooble" {drain, Str+4, unknown}
   (You found it on level 2 of the Snake Pit)

   A truly terrible weapon, it drains the life of those it strikes.
   It affects your strength (+4).
 t - the +8 quarterstaff of Ereaso (weapon) {venom, rElec rF++ MP-9 Int+4}
   (You found it on level 5 of the Dungeon)

   It poisons the flesh of those it strikes.
   It affects your intelligence (+4).
   It greatly protects you from fire.
   It insulates you from electricity.
   It affects your magic capacity (-9).
Missiles
 d - 3 throwing nets (quivered)
 Y - 4 poisoned javelins
Armour
 p - a +4 scale mail of magic resistance
 s - the +2 pair of gloves of the New World (melded) {rPois rN++ Int+2}
   (Okawaru gifted it to you on level 2 of the Lair of Beasts)

   It affects your intelligence (+2).
   It protects you from poison.
   It greatly protects you from negative energy.
 A - the +2 pair of boots of the Assassin (melded) {DetectMon Stab+ Stlth++}
   (Okawaru gifted it to you on level 5 of the Lair of Beasts)

   It makes you much more stealthy.
 D - a +2 ring mail of fire resistance (melded)
 H - a +2 cloak of invisibility (melded)
 U - a +0 hat of cold resistance (melded)
Jewellery
 a - a ring of stealth (left branch)
 i - an uncursed ring of protection from fire
 u - an uncursed ring of teleportation
 I - a ring of stealth (right branch)
 X - an amulet of regeneration (around neck)
Wands
 y - a wand of paralysis (9)
 G - a wand of teleportation (6)
 K - a wand of hasting (2)
 V - a wand of lightning (6)
Scrolls
 b - 14 scrolls of remove curse
 g - 2 scrolls of fog
 j - a scroll of immolation
 o - 2 scrolls of fear
 v - 6 scrolls of identify
 M - 10 scrolls of teleportation
 N - 6 scrolls of magic mapping
 Q - 4 scrolls of blinking
Potions
 k - 5 potions of heal wounds
 m - a potion of resistance
 n - 11 potions of curing
 C - 2 potions of agility
 E - 2 potions of lignification
 J - 5 potions of haste
 L - 5 potions of might
 W - a potion of berserk rage
 Z - 2 potions of cancellation
Miscellaneous
 h - a sack of spiders
 q - a disc of storms
 F - a sack of spiders
 R - an ornate deck of wonders {Wild Magic, drawn: 1}
Comestibles
 e - 13 bread rations
 f - 20 fruits
 l - a slice of pizza


   Skills:
 - Level 11.9(16.9) Fighting
 - Level 13.1(18.1) Staves
 - Level 2.0(7.0) Throwing
 - Level 15.8(20.8) Armour
 - Level 16.4(21.4) Dodging
 - Level 10.0(15.0) Stealth
 * Level 7.7 Earth Magic
 - Level 9.6 Invocations


You had 11 spell levels left.
You knew the following spells:

 Your Spells              Type           Power        Failure   Level  Hunger
a - Petrify               Trmt/Erth      #.......     87%         4    #####..


Dungeon Overview and Level Annotations

Branches:
Dungeon (15/15)              Lair (8/8) D:10         Shoals (0/4) Lair:3
  Snake (2/4) Lair:6        Slime (0/6) Lair:7          Orc (4/4) D:9
    Elf (0/3) Orc:4        Vaults (0/5) D:13         Depths (0/5) D:15
 Temple: D:4-7

Altars:
Elyvilon
Gozag
Okawaru
Qazlal
Trog
Vehumet
Zin
Beogh
Jiyva

Shops:
D:6 *   D:13 %   D:15 (   Orc:2 *   Orc:3 (   Orc:4 !?*[   Snake:1 (

Portals:
Trove: D:13 (give 6 potions of haste)

Annotations:
D:7 exclusion: oklob plant
D:15 exclusion: Roxanne, Roxanne


Innate Abilities, Weirdness & Mutations

((You reflexively headbutt those who attack you in melee.))
((You have a pair of horns on your head.))
((You are partially covered in slimy green scales (AC +2).))


Message History

The naga ritualist hits you with a scimitar of venom.
* * * LOW HITPOINT WARNING * * *
You are more poisoned.
* * * LOW HITPOINT WARNING * * *
The naga ritualist constricts you.
You bludgeon the naga ritualist!!
The naga ritualist is almost dead.
You feel sick.
You hit the naga ritualist.
The naga ritualist is almost dead.
You feel sick.
You hit the naga ritualist.
You kill the naga ritualist!
Okawaru accepts your kill.
You feel sick.
Drink which item? (? for menu, Esc to quit)
You feel better.
The naga sharpshooter shoots a steel bolt.
The steel bolt hits you!!
You die...

#.#.....###.#########...
#......## #...# ..
...#)...# #...#
##...#### #...# #.#.#
##.## ..#.# #.### #...#
###.# #♣##### #)#...#
###NN...# .# #.......##
##.# #........## ...#
#.......(.###...#
###.....#.......#
###......#.##.#
####...#....#


You could see a naga sharpshooter and a naga.

Vanquished Creatures
  Frances (D:14)
  A greater naga (Snake:1)
  A frost giant (IceCv)
  Maud (Lair:6)
  A fire dragon (D:15)
  Josephine (Lair:5)
  An ettin (Orc:4)
  The ghost of 4thArraOfDagon the Cleaver, a journeyman HOFi of Cheibriados (Orc:4)
  The ghost of Rayvis the Unseen, a journeyman FeEn of Dithmenos (Orc:4)
  3 naga warriors
  6 anacondas
  An ice dragon (Lair:7)
  5 hydras
  Erolcha (D:11)
  A catoblepas (Lair:8)
  11 death yaks
  The ghost of tp1 the Thaumaturge, a journeyman DEWz of Vehumet (Orc:3)
  A satyr (shapeshifter) (D:13)
  A centaur warrior (D:15)
  Urug (Lair:3)
  2 naga sharpshooters
  2 shock serpents (Snake:2)
  A salamander mystic (Snake:2)
  3 naga ritualists
  5 hill giants
  4 unseen horrors
  A hill giant (shapeshifter) (D:15)
  An oklob plant (D:13)
  5 mana vipers
  11 ugly things
  5 orc knights
  3 orc sorcerers
  2 griffons
  A cyclops (D:13)
  16 elephants
  8 salamanders
  2 manticores
  Maurice (D:12)
  2 sirens (Lair:3)
  14 black mambas
  A guardian serpent (shapeshifter) (D:13)
  An ice statue (IceCv)
  Psyche (D:11)
  2 komodo dragons
  3 gargoyles
  5 naga magi
  17 spiny frogs
  A yaktaur (shapeshifter) (D:15)
  5 fire drakes
  2 merfolk (Lair:3)
  A queen bee (Lair:5)
  2 trolls
  A spriggan druid (Lair:8)
  26 polar bears
  A polar bear (shapeshifter) (D:13)
  5 slime creatures
  A two-headed ogre (Orc:4)
  24 blink frogs
  Sigmund (D:5)
  2 shadows
  A centaur simulacrum (D:15)
  8 spriggans (Lair:8)
  A fire elemental (D:12)
  42 yaks
  6 wraiths
  3 hungry ghosts
  Eustachio (D:6)
  2 wyverns
  14 hippogriffs
  A steam dragon (D:12)
  40 wolves
  3 wargs
  4 basilisks
  11 water moccasins
  17 nagas
  8 porcupines
  5 ice beasts
  5 black bears
  6 sky beasts
  2 phantoms (D:7)
  A necrophage (D:7)
  18 ogres
  22 centaurs
  37 orc warriors
  16 crocodiles
  4 wasps (Lair:8)
  A brain worm (Lair:5)
  2 big kobolds
  26 giant frogs
  A wyvern skeleton (D:13)
  A wyvern zombie (D:13)
  4 wights (D:6)
  A scorpion (D:5)
  41 killer bees
  A lava snake (D:12)
  5 crimson imps
  6 hounds
  40 orc wizards
  5 giant frog zombies
  3 centaur zombies
  14 jellies
  36 orc priests
  4 centaur skeletons
  Jessica (D:2)
  A giant frog skeleton (D:10)
  15 iguanas
  Terence (D:3)
  5 worker ants
  A killer bee zombie (D:7)
  16 sheep
  2 hound skeletons
  Robin (D:2)
  12 adders
  45 river rats
  2 shadow imps
  20 oozes
  An adder zombie (D:7)
  An adder skeleton (D:9)
  4 worms
  5 giant geckos
  212 orcs
  3 giant cockroaches
  9 hobgoblins
  14 jackals
  7 quokkas
  A ball python (D:3)
  5 bats (D:1)
  2 giant gecko skeletons (D:4)
  A giant gecko zombie (D:7)
  7 giant newts
  14 goblins
  11 kobolds
  A quokka skeleton (D:5)
  13 rats
  A plant (Lair:5)
1135 creatures vanquished.

Vanquished Creatures (others)
  19 fungi
  6 plants
25 creatures vanquished.

Grand Total: 1160 creatures vanquished

Notes
Turn   | Place    | Note
--------------------------------------------------------------
     0 | D:1      | septik the Minotaur Gladiator began the quest for the Orb.
     0 | D:1      | Reached XP level 1. HP: 18/18 MP: 0/0
    15 | D:1      | Reached skill level 4 in Staves
   189 | D:1      | Reached XP level 2. HP: 25/25 MP: 1/1
   523 | D:1      | Reached skill level 5 in Staves
   836 | D:2      | Noticed Jessica
   840 | D:2      | Killed Jessica
   840 | D:2      | Reached XP level 3. HP: 25/30 MP: 2/2
   896 | D:2      | Found an iron altar of Okawaru.
   905 | D:2      | Became a worshipper of Warmaster Okawaru
   920 | D:2      | Reached skill level 6 in Staves
   920 | D:2      | Reached XP level 4. HP: 34/37 MP: 3/3
  1071 | D:2      | Noticed Robin
  1093 | D:2      | Killed Robin
  1278 | D:2      | Found a bloodstained altar of Trog.
  1358 | D:2      | You fall through a shaft for 2 floors!
  1365 | D:4      | Reached skill level 7 in Staves
  1365 | D:4      | Reached XP level 5. HP: 36/42 MP: 4/4
  1530 | D:3      | Found a glowing drain.
  1572 | Sewer    | Entered a sewer
  1615 | Sewer    | Reached * piety under Okawaru
  1615 | Sewer    | Reached skill level 8 in Staves
  1674 | Sewer    | Found a glowing silver altar of Zin.
  1825 | D:3      | Noticed Terence
  1847 | D:3      | Killed Terence
  1847 | D:3      | Reached XP level 6. HP: 36/50 MP: 2/5
  2527 | D:4      | Reached skill level 9 in Staves
  3006 | D:5      | Entered Level 5 of the Dungeon
  3060 | D:5      | Found a glowing silver altar of Zin.
  3165 | D:5      | Reached XP level 7. HP: 34/56 MP: 6/6
  3227 | D:5      | Reached skill level 10 in Staves
  3231 | D:5      | Gained mutation: You can spit weak poison. [mutagenic meat]
  3232 | D:5      | Gained mutation: You are agile. (Dex +2) [mutagenic meat]
  3233 | D:5      | Gained mutation: You tend to lose your temper in combat. [mutagenic meat]
  3234 | D:5      | Gained mutation: You have sharp fingernails. [mutagenic meat]
  3235 | D:5      | Lost mutation: You tend to lose your temper in combat. [mutagenic meat]
  3443 | D:5      | Got a jewelled quarterstaff
  3555 | D:5      | Noticed Sigmund
  3565 | D:5      | Killed Sigmund
  3565 | D:5      | Reached skill level 11 in Staves
  3593 | D:5      | Identified the +8 quarterstaff of Ereaso {venom, rElec rF++ MP-9 Int+4} (You found it on level 5 of the Dungeon)
  3693 | D:5      | Noticed a wyvern
  3697 | D:5      | Killed a wyvern
  3697 | D:5      | Reached ** piety under Okawaru
  3697 | D:5      | Reached XP level 8. HP: 47/62 MP: 0/7
  3807 | D:5      | Found an opulent altar of Gozag.
  3881 | D:5      | Reached skill level 12 in Staves
  4005 | D:6      | Found Gerhul's General Store.
  4005 | D:6      | Noticed Eustachio
  4019 | D:6      | Killed Eustachio
  4032 | D:6      | Bought a scroll of identify for 24 gold pieces
  4053 | D:6      | Reached skill level 13 in Staves
  4075 | D:6      | You fall through a shaft!
  4075 | D:7      | Noticed an oklob plant
  4080 | D:7      | Reached *** piety under Okawaru
  4086 | D:7      | Reached skill level 1 in Invocations
  4144 | D:7      | Reached XP level 9. HP: 43/73 MP: 0/9
  4160 | D:7      | Reached skill level 5 in Fighting
  4390 | D:7      | Reached **** piety under Okawaru
  4390 | D:7      | Reached skill level 1 in Armour
  4679 | D:7      | Found a stormy altar of Qazlal.
  5286 | D:8      | Reached ***** piety under Okawaru
  5286 | D:8      | Reached XP level 10. HP: 86/91 MP: 2/11
  5317 | D:8      | Reached skill level 5 in Armour
  5504 | D:8      | Found a radiant altar of Vehumet.
  5625 | D:8      | Reached skill level 10 in Fighting
  6243 | D:9      | Found a white marble altar of Elyvilon.
  6350 | D:9      | Reached skill level 5 in Dodging
  6491 | D:9      | Found a staircase to the Orcish Mines.
  6738 | Orc:1    | Entered Level 1 of the Orcish Mines
  6975 | D:10     | Entered Level 10 of the Dungeon
  7039 | D:10     | Noticed a hill giant
  7045 | D:10     | Killed a hill giant
  7091 | D:10     | Found a staircase to the Lair.
  7216 | D:10     | Gained mutation: Armour fits poorly on your strangely shaped body. [mutagenic meat]
  7217 | D:10     | Gained mutation: Your spells are a little easier to cast, but a little less powerful. [mutagenic meat]
  7218 | D:10     | Lost mutation: You are agile. (Dex +2) [mutagenic meat]
  7497 | D:10     | Noticed a hill giant
  7503 | D:10     | Killed a hill giant
  7503 | D:10     | Reached XP level 11. HP: 103/103 MP: 3/12
  7653 | Lair:1   | Entered Level 1 of the Lair of Beasts
  7746 | Lair:1   | Reached ****** piety under Okawaru
  8081 | Lair:1   | Gained mutation: Scrolls take you a little longer to read. [potion of mutation]
  8081 | Lair:1   | Gained mutation: You are weak. (Str -2) [potion of mutation]
  8081 | Lair:1   | Gained mutation: You are partially covered in slimy green scales (AC +2). [potion of mutation]
  8083 | Lair:1   | Lost mutation: You can spit weak poison. [potion of cure mutation]
  8083 | Lair:1   | Lost mutation: Scrolls take you a little longer to read. [potion of cure mutation]
  8083 | Lair:1   | Lost mutation: Your spells are a little easier to cast, but a little less powerful. [potion of cure mutation]
  8083 | Lair:1   | Lost mutation: You are weak. (Str -2) [potion of cure mutation]
  8083 | Lair:1   | Lost mutation: You have sharp fingernails. [potion of cure mutation]
  8167 | Lair:1   | Got a polished war axe
  8288 | Lair:1   | Received a gift from Okawaru
  8408 | Lair:2   | Received a gift from Okawaru
  8411 | Lair:2   | Got a pair of translucent gloves {god gift}
  8457 | Lair:2   | Identified the +2 pair of gloves of the New World {rPois rN++ Int+2} (Okawaru gifted it to you on level 2 of the Lair of Beasts)
  8698 | Lair:2   | Reached skill level 10 in Dodging
  9534 | Lair:3   | Found a staircase to the Shoals.
  9572 | Lair:3   | Reached XP level 12. HP: 74/112 MP: 2/13
  9938 | Lair:3   | Received a gift from Okawaru
 10029 | Lair:3   | Noticed Urug
 10041 | Lair:3   | Killed Urug
 10267 | Lair:3   | Reached skill level 10 in Armour
 11783 | Lair:4   | Reached skill level 14 in Dodging
 12151 | Lair:5   | Reached XP level 13. HP: 96/117 MP: 5/14
 12244 | Lair:5   | Found an iron altar of Okawaru.
 12319 | Lair:5   | Received a gift from Okawaru
 12585 | Lair:5   | Noticed a five-headed hydra
 12607 | Lair:5   | Received a gift from Okawaru
 12616 | Lair:5   | Killed a five-headed hydra
 12779 | Lair:5   | Noticed Josephine
 12804 | Lair:5   | Killed Josephine
 12804 | Lair:5   | Reached skill level 1 in Stealth
 13762 | Lair:5   | Identified the +5 war axe of Dastraf {chop, +Rage rPois Str+5 Stlth+} (You found it on level 1 of the Lair of Beasts)
 14103 | Lair:6   | Gained mutation: Your body sometimes deteriorates upon taking damage. [potion of mutation]
 14103 | Lair:6   | Gained mutation: You expend magic power (3 MP) to strengthen your wands. [potion of mutation]
 14103 | Lair:6   | Gained mutation: Scrolls take you a little longer to read. [potion of mutation]
 14146 | Lair:6   | Noticed Maud
 14166 | Lair:6   | Killed Maud
 14278 | Lair:6   | Identified a scroll of acquirement
 14279 | Lair:6   | Identified a +6 rod of ignition (12/12) (You acquired it on level 6 of the Lair of Beasts)
 14478 | Lair:6   | Found a staircase to the Snake Pit.
 14942 | Lair:7   | Reached skill level 5 in Stealth
 15020 | Lair:7   | Found a frozen archway.
 15054 | IceCv    | Entered an ice cave
 15370 | IceCv    | Received a gift from Okawaru
 15373 | IceCv    | Got a faintly humming robe {god gift}
 15392 | IceCv    | Identified the +0 robe "Zeowkeveck" {MR+ Str+3} (Okawaru gifted it to you in an ice cave)
 15542 | IceCv    | Reached skill level 15 in Dodging
 15542 | IceCv    | Reached XP level 14. HP: 100/125 MP: 6/15
 15749 | IceCv    | Noticed a frost giant
 15789 | IceCv    | Killed a frost giant
 16391 | Lair:7   | Upgraded the game from 0.17-b1-20-g63edfd6 to 0.17-b1-25-g6d8775f
 16424 | Lair:7   | Gained mutation: Your flesh is cold resistant. [potion of beneficial mutation]
 17015 | Lair:7   | Found a runed door.
 17015 | Lair:7   | Found a viscous altar of Jiyva.
 17016 | Lair:7   | Found a staircase to the Slime Pits.
 17464 | Lair:8   | Entered Level 8 of the Lair of Beasts
 18465 | Lair:8   | Reached skill level 10 in Stealth
 18840 | Lair:8   | Received a gift from Okawaru
 20084 | Orc:2    | Found Gumicoun's General Store.
 20092 | Orc:2    | Bought a potion of heal wounds for 70 gold pieces
 20545 | Orc:3    | Found Qier Exi's Antique Weapon Emporium.
 21050 | Orc:3    | Noticed tp1's ghost (journeyman DEWz)
 21077 | Orc:3    | Killed tp1's ghost
 21391 | Orc:4    | Entered Level 4 of the Orcish Mines
 21494 | Orc:4    | Found a staircase to the Elven Halls.
 21654 | Orc:4    | Noticed 4thArraOfDagon's ghost (journeyman HOFi)
 21670 | Orc:4    | Killed 4thArraOfDagon's ghost
 21670 | Orc:4    | Reached skill level 15 in Armour
 21670 | Orc:4    | Reached XP level 15. HP: 114/132 MP: 4/16
 21775 | Orc:4    | Received a gift from Okawaru
 21821 | Orc:4    | Reached skill level 16 in Dodging
 21946 | Orc:4    | Noticed Rayvis's ghost (journeyman FeEn)
 21987 | Orc:4    | Killed Rayvis's ghost
 22253 | Orc:4    | Found Wouddeq's Magic Scroll Emporium.
 22253 | Orc:4    | Found Atsef's General Store.
 22257 | Orc:4    | Found Zoegriaq's Antique Armour Boutique.
 22259 | Orc:4    | Found Teareg Hylu's Distillery.
 22283 | Orc:4    | Received a gift from Okawaru
 22287 | Orc:4    | Got a shimmering short sword {god gift}
 22310 | Orc:4    | Bought a scroll of teleportation for 39 gold pieces
 22310 | Orc:4    | Bought a scroll of teleportation for 39 gold pieces
 22311 | Orc:4    | Bought a scroll of enchant armour for 90 gold pieces
 22311 | Orc:4    | Bought a scroll of identify for 24 gold pieces
 22311 | Orc:4    | Bought a scroll of identify for 24 gold pieces
 22311 | Orc:4    | Bought a scroll of teleportation for 36 gold pieces
 22311 | Orc:4    | Bought a scroll of identify for 24 gold pieces
 22311 | Orc:4    | Bought 2 scrolls of blinking for 180 gold pieces
 22313 | Orc:4    | Bought a potion of heal wounds for 75 gold pieces
 22313 | Orc:4    | Bought a potion of haste for 150 gold pieces
 22313 | Orc:4    | Bought a potion of heal wounds for 75 gold pieces
 22313 | Orc:4    | Bought 2 potions of curing for 90 gold pieces
 22318 | Orc:4    | Bought a faintly humming cloak for 304 gold pieces
 22328 | Orc:4    | Identified the cursed -3 cloak of Satisfaction {rPois rC+ Str+4 Stlth+} (You bought it in a shop on level 4 of the Orcish Mines)
 22333 | Orc:4    | Bought a potion of cure mutation for 525 gold pieces
 22333 | Orc:4    | Lost mutation: Your body sometimes deteriorates upon taking damage. [potion of cure mutation]
 22333 | Orc:4    | Lost mutation: Your flesh is cold resistant. [potion of cure mutation]
 22333 | Orc:4    | Lost mutation: You expend magic power (3 MP) to strengthen your wands. [potion of cure mutation]
 22556 | D:11     | Noticed Psyche
 22562 | D:11     | Killed Psyche
 22694 | D:11     | Noticed Erolcha
 22710 | D:11     | Killed Erolcha
 23198 | D:12     | Noticed Maurice
 23218 | D:12     | Killed Maurice
 23424 | Lair:1   | Identified the +1 short sword of Xyguz {pierce, rElec rN+ Int-4} (Okawaru gifted it to you on level 4 of the Orcish Mines)
 24193 | D:13     | Received a gift from Okawaru
 24193 | D:13     | Reached skill level 5 in Invocations
 24196 | D:13     | Got a smoking cloak {god gift}
 24207 | D:13     | Identified the +0 cloak of Okawaru's Reproof {-Cast Str+4 Int+5} (Okawaru gifted it to you on level 13 of the Dungeon)
 24219 | D:13     | Found a portal to a secret trove of treasure.
 24225 | D:13     | Found a gate to the Vaults.
 24272 | D:13     | Found a radiant altar of Vehumet.
 24345 | D:13     | Found Uturatak's Food Shop.
 24746 | D:14     | Found a roughly hewn altar of Beogh.
 25295 | D:14     | Noticed Frances
 25326 | D:14     | Killed Frances
 25532 | D:15     | Entered Level 15 of the Dungeon
 25879 | D:15     | Found Cidghoho's Weapon Shoppe.
 25917 | D:15     | Found a staircase to the Depths.
 25941 | D:15     | Gained mutation: Potions and wands are less effective at restoring your health. [a shining eye]
 25943 | D:15     | Gained mutation: You occasionally shout uncontrollably at your foes. [a shining eye]
 25944 | D:15     | Gained mutation: You are clumsy. (Dex -2) [a shining eye]
 25999 | D:15     | Noticed Roxanne
 26434 | Lair:1   | Learned a level 4 spell: Petrify
 27330 | Orc:4    | Received a gift from Okawaru
 27375 | Orc:4    | Bought a potion of cure mutation for 525 gold pieces
 27375 | Orc:4    | Lost mutation: Armour fits poorly on your strangely shaped body. [potion of cure mutation]
 27375 | Orc:4    | Lost mutation: Scrolls take you a little longer to read. [potion of cure mutation]
 27375 | Orc:4    | Lost mutation: You occasionally shout uncontrollably at your foes. [potion of cure mutation]
 27375 | Orc:4    | Lost mutation: You are clumsy. (Dex -2) [potion of cure mutation]
 27375 | Orc:4    | Lost mutation: Potions and wands are less effective at restoring your health. [potion of cure mutation]
 27795 | Lair:3   | Reached skill level 1 in Earth Magic
 27942 | Snake:1  | Entered Level 1 of the Snake Pit
 27946 | Snake:1  | Noticed a greater naga
 27963 | Snake:1  | Killed a greater naga
 27967 | Snake:1  | Reached XP level 16. HP: 60/139 MP: 13/22
 28838 | Snake:1  | Found Ycwoir's Weapon Shoppe.
 29182 | Snake:1  | Reached skill level 5 in Earth Magic
 30075 | Snake:2  | Got a shimmering battleaxe
 30178 | Snake:2  | Shot with a steel bolt by a naga sharpshooter

Action                   |  1- 3 |  4- 6 |  7- 9 | 10-12 | 13-15 | 16-18 || total
-------------------------+-------+-------+-------+-------+-------+-------++-------
Melee: Quarterstaff      |    37 |       |   199 |   685 |  1722 |   245 ||  2888
       Club              |     4 |   184 |    51 |       |       |       ||   239
       War axe           |       |       |       |       |    30 |       ||    30
 Fire: Blowgun           |       |       |       |       |    13 |       ||    13
Invok: Heroism           |       |     1 |     2 |     3 |    11 |     3 ||    20
       Finesse           |       |       |       |       |     1 |       ||     1
 Abil: Evoke Invisibilit |       |       |       |       |     1 |       ||     1
Evoke: Deck              |       |       |       |       |     1 |       ||     1
       Wand              |       |       |       |       |       |     2 ||     2
  Use: Scroll            |       |     9 |     2 |    15 |    21 |       ||    47
       Potion            |       |     4 |       |     2 |     5 |     3 ||    14
 Stab: Distracted        |       |       |     1 |     1 |    14 |     2 ||    18
       Sleeping          |       |       |       |     4 |    56 |    11 ||    71
       Confused          |       |       |       |       |     1 |       ||     1
  Eat: Chunk             |       |     7 |    14 |    25 |    49 |     4 ||    99
       Bread ration      |       |       |       |       |     2 |       ||     2
       Meat ration       |       |       |       |       |       |     1 ||     1
